 Dungeon Crawl Stone Soup version 0.29-a0-553-g81b289dbe5 (webtiles) character file.

Game seed: 12365618539187371138

208 KristoblXynda the Ducker (level 5, -5/41 HPs)
             Began as a Vampire Gladiator on June 7, 2022.
             Slain by a gnoll
             ... wielding a +0 halberd
              (7 damage)
             ... on level 3 of the Dungeon.
             The game lasted 00:02:07 (1623 turns).

KristoblXynda the Ducker (Vampire Gladiator)        Turns: 1623, Time: 00:02:08

Health: -5/41      AC:  1    Str: 17    XL:     5   Next: 55%
Magic:  5/5        EV: 13    Int: 11    God:
Gold:   93         SH:  0    Dex: 15    Spells: 4/4 levels left

rFire   . . .      SeeInvis +   a - +0 long sword
rCold   . . .      Faith    .   (no shield)
rNeg    . . .      Spirit   .   b - +0 leather armour
rPois   .          Reflect  .   (helmet restricted)
rElec   .          Harm     .   (no cloak)
rCorr   .          Rampage  .   (no gloves)
Will    .....                   (no boots)
Stlth   ++........              (no amulet)
HPRegen 0.33/turn               (no ring)
MPRegen 0.09/turn               (no ring)

@: healing quickly
A: alive, fangs 3, see invisible, vampiric 2, antennae 1, deformed body, strong
1
a: Exsanguinate


You were on level 3 of the Dungeon.
You visited 1 branch of the dungeon, and saw 3 of its levels.

You collected 93 gold pieces.

Inventory:

Hand Weapons
 a - a +0 long sword (weapon)
Missiles
 d - 2 throwing nets (quivered)
Armour
 b - a +0 leather armour (worn)
 c - a +0 helmet
 l - a scarf of invisibility
Jewellery
 e - a +6 ring of intelligence
Scrolls
 f - a scroll of teleportation {unknown}
 h - a scroll of torment {unknown}
 i - a scroll of enchant armour {unknown}
 k - 2 scrolls of blinking {unknown}
Potions
 j - a potion of might {unknown}


   Skills:
 + Level 3.0 Fighting
 + Level 4.1 Long Blades
 - Level 1.5 Throwing
 + Level 4.4 Dodging
 + Level 4.1 Stealth


You had 4 spell levels left.
You didn't know any spells.
Your spell library was empty.

Dungeon Overview and Level Annotations

Branches:
Dungeon (3/15)

Altars:

Shops:
D:1 (


Innate Abilities, Weirdness & Mutations

Your natural rate of healing is accelerated.
You have razor-sharp teeth.
You have supernaturally acute eyesight. (SInv)
You are afflicted with vampirism and can become a bat while bloodless.
You have a pair of small antennae on your head.
Armour fits poorly on your strangely shaped body.
Your muscles are strong. (Str +2)


Message History

There is a stone staircase leading down here.
There is an open door here.
There is an open door here.
There is an open door here.
There is an open door here.
Key pressed, stopping explore. 2 gnolls come into view.
A gnoll comes into view. It is wielding a +0 halberd.
The gnoll shouts! x2
The gnoll hits you from afar with a +0 halberd!
The gnoll barely misses you.
The gnoll shouts!
You barely miss the gnoll. You bite the gnoll, but do no damage.
The gnoll completely misses you. The gnoll misses you.
The gnoll hits you with a +0 whip!
You slash the gnoll!
The gnoll is heavily wounded.
The gnoll hits you with a +0 spear. The gnoll misses you. x2
You slash the gnoll!
You kill the gnoll!
The gnoll closely misses you. x2
Your Fighting skill increases to level 3!
Your Stealth skill increases to level 4!
The gnoll barely misses you.
The gnoll hits you from afar with a +0 halberd.
You see here a +0 spear.
You slash the gnoll!
The gnoll is severely wounded.
The gnoll closely misses you. The gnoll hits you but does no damage.
The gnoll closely misses you.
You slash the gnoll!
You kill the gnoll!
The gnoll hits you with a +0 halberd!
* * * LOW HITPOINT WARNING * * *
The gnoll hits you with a +0 halberd!
* * * LOW HITPOINT WARNING * * *
Unknown command.
The gnoll attacks as you move away! The gnoll completely misses you.
The gnoll hits you from afar with a +0 halberd!
You die...

# # ########### #
#.........# ###
#.#######.# ..# #.#
#.# #.# #.#######.#
#.# #.......#.#
#.#########.#.#######
#.......# #.#...@)..#
......#.###.#.###.###
..........#.#.# #g#
............### #.#
....(######### #.#
.......รท)....# #.#
###..#######.# #.#
...........# #.#
###..#####.# #.#


You could see a gnoll.

Vanquished Creatures
  Sigmund (D:2)
  2 gnolls (D:3)
  A worm (D:2)
  2 dart slugs
  3 bats
  4 endoplasms
  A giant cockroach (D:1)
  A goblin (D:3)
  2 hobgoblins
  2 quokkas
  A ball python (D:1)
  A frilled lizard (D:1)
  2 kobolds (D:2)
  3 rats
26 creatures vanquished.

Notes
Turn   | Place    | Note
-------+----------+-------------------------------------------
     0 | D:1      | KristoblXynda the Vampire Gladiator began the quest for the
                  | Orb.
     0 | D:1      | Reached XP level 1. HP: 16/16 MP: 1/1
    59 | D:1      | Found Aluat's Weapon Shop.
   523 | D:2      | Reached skill level 1 in Stealth
   531 | D:2      | Reached XP level 2. HP: 16/22 MP: 2/2
   546 | D:2      | Noticed Sigmund
   553 | D:2      | HP: 1/22 [fell downstairs (1)]
   554 | D:2      | Gained mutation: Your muscles are strong. (Str +2) [potion
                  | of mutation]
   554 | D:2      | Gained mutation: Armour fits poorly on your strangely
                  | shaped body. [potion of mutation]
   554 | D:2      | Gained mutation: You have a pair of small antennae on your
                  | head. [potion of mutation]
   872 | D:2      | Killed Sigmund
   873 | D:2      | Gained mutation: You are afflicted with vampirism and can
                  | become a bat while bloodless. [Vampire growth]
   873 | D:2      | Reached XP level 3. HP: 15/28 MP: 3/3
   873 | D:2      | Reached XP level 4. HP: 19/34 MP: 4/4
   873 | D:2      | Reached XP level 5. HP: 22/40 MP: 5/5
  1382 | D:3      | Found a faded altar of an unknown god.
  1622 | D:3      | HP: 2/41 [gnoll/+0 halberd (10)]
  1623 | D:3      | Slain by a gnoll

Illustrated notes

Levels and vault maps discovered:
D:1:      saegor_arrival_simple_d, layout_rooms, serial_shops, shop,
          kennysheep_another_room
D:2:      layout_rooms, uniq_sigmund
D:3:      layout_basic, shapermc_ecumenical_altar_ellora, serial_shops,
          nicolae_shop_behind_doors, minmay_cupped

Skill      XL: |  1  2  3  4  5 |
---------------+----------------+-----
Stealth        | 1 3 4 |  4.1
Fighting       | 2 3 |  3.0
Long Blades    | 4 |  4.1
Dodging        | 4 |  4.4
Throwing       | |  1.5

Action                   |  1- 3 |  4- 6 || total
-------------------------+-------+-------++-------
Melee: Long sword        |    40 |    26 ||    66
       Bite              |     5 |     4 ||     9
Throw: Throwing net      |     1 |       ||     1
  Use: Potion            |     1 |       ||     1
 Stab: Held in net/web   |     1 |       ||     1
       Sleeping          |       |     2 ||     2
Armor: Leather armour    |     9 |     2 ||    11
Dodge: Dodged            |    39 |    24 ||    63

Table legend: (Time is in decaauts)
 A = Elapsed time spent in this place.
 B = Non-inter-level travel time spent in this place.
 C = Inter-level travel time spent in this place.
 D = Time resting spent in this place.
 E = Time spent auto-exploring this place.
 F = Levels seen in this place.
 G = Mean time per level.
                   A        B        C        D        E       F      G
               +--------+--------+--------+--------+--------+-----+--------+
         Total |   1639 |   1599 |     40 |    374 |    979 |   3 |  546.3 |
       Dungeon |   1639 |   1599 |     40 |    374 |    979 |   3 |  546.3 |
               +--------+--------+--------+--------+--------+-----+--------+

Top non-repeatable levels by time:
     D:2: 618 daAuts
     D:3: 542 daAuts
     D:1: 478 daAuts
